 Dungeon Crawl Stone Soup version 0.26.1-15-g04117e645d (webtiles) character file.

Game seed: 5523510653466556487

465 suipiss the Grave Robber (level 6, -1/41 HPs)
             Began as a Demonspawn Necromancer on Dec 27, 2022.
             Was an Initiate of Ashenzari.
             Slain by a mummy (16 damage)
             ... on level 5 of the Dungeon.
             The game lasted 00:10:24 (4544 turns).

suipiss the Grave Robber (Demonspawn Necromancer)   Turns: 4544, Time: 00:10:24

Health: -1/41      AC:  4    Str:  9    XL:     6   Next: 80%
Magic:  12/12      EV: 13    Int: 18    God:    Ashenzari [......]
Gold:   196        SH:  0    Dex: 13    Spells: 3/13 levels left

rFire    . . .     SeeInvis .   e - +0 long sword
rCold    . . .     Faith    .   (no shield)
rNeg     . . .     Spirit   .   a - +0 robe
rPois    .         Reflect  .   (no helmet)
rElec    .         Harm     .   (no cloak)
rCorr    +         Rampage  .   (no gloves)
Will     .....                  (no boots)
Stlth    ++........             k - amulet of the acrobat
HPRegen  0.13/turn              c - ring of resist corrosion
MPRegen  0.13/turn              (no ring)

@: mighty
A: claws 1, molten scales 1, demonic guardian 1, spiny 1
a: Renounce Religion, Curse Item


You were on level 5 of the Dungeon.
You worshipped Ashenzari.
Ashenzari was noncommittal.
You visited 2 branches of the dungeon, and saw 6 of its levels.

You collected 196 gold pieces.

Inventory:

Hand Weapons
 e - a +0 long sword (weapon)
Armour
 a - a +0 robe (worn)
Jewellery
 c - a ring of resist corrosion (left claw)
 k - an amulet of the acrobat (around neck)
Scrolls
 b - 2 scrolls of noise {unknown}
 i - 2 scrolls of enchant weapon {unknown}
 l - 4 scrolls of remove curse
 o - a scroll of enchant armour {unknown}
 q - 3 scrolls of magic mapping {unknown}
 r - a scroll of random uselessness {unknown}
Potions
 d - a potion of invisibility
 f - a potion of flight {unknown}
 g - 3 potions of lignification
 h - 2 potions of curing
 j - 3 potions of mutation
 m - 2 potions of haste
 n - 2 potions of brilliance
 p - 3 potions of heal wounds


   Skills:
 + Level 3.2 Dodging
 - Level 1.7 Stealth
 + Level 0.9 Unarmed Combat
 * Level 4.4 Spellcasting
 * Level 6.6 Necromancy


You had 3 spell levels left.
You knew the following spells:

 Your Spells              Type           Power        Failure   Level
a - Pain                  Necr           100%         1%          1
b - Animate Skeleton      Necr           54%          1%          1
c - Vampiric Draining     Necr           13%          2%          3
d - Agony                 Necr           27%          26%         5

Your spell library contained the following spells:

 Spells                   Type           Power        Failure   Level
 Animate Dead             Necr           13%          10%         4


Dungeon Overview and Level Annotations

Branches:
Dungeon (5/15)             Temple (1/1) D:4

Altars:
Ashenzari
Cheibriados
Dithmenos
Elyvilon
Gozag
Kikubaaqudgha
Makhleb
Okawaru
Qazlal
Sif Muna
Wu Jian
Xom

Portals:
Ossuary: D:5


Innate Abilities, Weirdness & Mutations

You have sharp fingernails.
You are partially covered in molten scales. (AC +2)
A weak demonic guardian rushes to your aid.
You are partially covered in sharp spines.


Message History

You hit the mummy.
The mummy is moderately damaged.
You closely miss the mummy.
The mummy is moderately damaged.
The mummy barely misses you.
You riposte.
You barely miss the mummy.
The mummy is moderately damaged.
You barely miss the mummy.
The mummy is moderately damaged.
The mummy hits you!
You hit the mummy.
The mummy is moderately damaged.
The mummy is struck by your spines. The mummy hits you!!
You are too injured to fight recklessly!
You feel very mighty all of a sudden.
You barely miss the mummy.
The mummy is heavily damaged.
You barely miss the mummy.
The mummy is heavily damaged.
The mummy is struck by your spines. The mummy hits you!
You die...

... ..#.# ####.#.# #... #.#.#
#....#.#####
.....#.#.###.##.#......
........).M.......###### .
###+###.###'###......... . .##
##...##.##..######## ##.
..###.....###.......... ...
...#.......#..#################!.
.<..###'###....M@.............#..
..#..##∩##..###############.###!?
#.##..###..## #.<....
#.###..#..## #.###.. #.# ##...##
#.# #.# #.# ##.## #.# #.# #.# ###
#.. ..# #.# ### ###


You could see a mummy.

Vanquished Creatures
  An ogre (D:4)
  Dowan (D:5)
  A howler monkey (D:4)
  A hound (D:4)
  An orc priest (D:4)
  2 orc wizards (D:4)
  2 worker ants
  6 adders
  2 dart slugs
  A leopard gecko (D:1)
  8 orcs (D:4)
  7 bats
  5 giant cockroaches
  5 goblins
  4 hobgoblins
  A jackal (D:2)
  A quokka (D:4)
  A ball python (D:2)
  5 frilled lizards
  10 kobolds
  An orc zombie (D:5)
  5 rats
71 creatures vanquished.

Vanquished Creatures (collateral kills)
  An orc wizard (D:4)
  A worker ant (D:4)
  An adder (D:5)
  An orc (D:4)
4 creatures vanquished.

Grand Total: 75 creatures vanquished

Notes
Turn   | Place    | Note
-------+----------+-------------------------------------------
     0 | D:1      | suipiss the Demonspawn Necromancer began the quest for the
                  | Orb.
     0 | D:1      | Reached XP level 1. HP: 13/13 MP: 3/3
     2 | D:1      | Learned a level 1 spell: Animate Skeleton
   475 | D:1      | Gained mutation: You are partially covered in sharp spines.
                  | [demonic ancestry]
   475 | D:1      | Reached XP level 2. HP: 17/19 MP: 1/5
  1606 | D:2      | Gained mutation: A weak demonic guardian rushes to your
                  | aid. [demonic ancestry]
  1606 | D:2      | Reached XP level 3. HP: 21/24 MP: 2/6
  1802 | D:2      | Learned a level 3 spell: Vampiric Draining
  1847 | D:2      | Reached skill level 5 in Necromancy
  2167 | D:2      | Gained mutation: You are partially covered in molten
                  | scales. (AC +2) [demonic ancestry]
  2167 | D:2      | Reached XP level 4. HP: 23/30 MP: 3/8
  2616 | D:3      | You fall into a shaft and drop 1 floor!
  2776 | D:4      | Reached XP level 5. HP: 35/35 MP: 7/10
  2857 | D:4      | Noticed an ogre
  2866 | D:4      | Killed an ogre
  2867 | D:4      | Reached skill level 6 in Necromancy
  2925 | D:4      | Found a staircase to the Ecumenical Temple.
  2953 | D:4      | Gained mutation: You have sharp fingernails. [demonic
                  | ancestry]
  2953 | D:4      | Reached XP level 6. HP: 29/41 MP: 6/11
  3004 | Temple   | Entered the Ecumenical Temple
  3104 | Temple   | Became a worshipper of Ashenzari the Shackled
  3281 | D:3      | Learned a level 5 spell: Agony
  4127 | D:5      | Entered Level 5 of the Dungeon
  4129 | D:5      | Noticed Dowan
  4143 | D:5      | Killed Dowan
  4190 | D:5      | Found a sand-covered staircase.
  4544 | D:5      | Slain by a mummy

Illustrated notes

Levels and vault maps discovered:
D:1:      dpeg_arrival_refuge, layout_basic
D:2:      minmay_recursive_quarters, layout_basic
D:3:      layout_basic, supply_closet_lemuel, kennysheep_flooded_box
D:4:      layout_cave_pools, minmay_temple_entry_purple_smoke
D:5:      layout_basic, nicolae_ossuary_entry_giza, uniq_duvessa
Temple:   regret_index_temple_chain_breaker

Skill      XL: |  1  2  3  4  5  6 |
---------------+-------------------+-----
Dodging        | 2 3 |  3.2
Necromancy     | 5 6 |  6.6
Spellcasting   | 3 4 |  4.4
Stealth        | |  1.7
Unarmed Combat | |  0.9

Action                   |  1- 3 |  4- 6 || total
-------------------------+-------+-------++-------
Melee: Unarmed           |     7 |     8 ||    15
       Club              |     1 |       ||     1
       Dagger            |       |    37 ||    37
       Long sword        |       |     6 ||     6
 Cast: Pain              |    62 |    55 ||   117
       Vampiric Draining |       |     4 ||     4
       Animate Skeleton  |       |     4 ||     4
  Use: Scroll            |     5 |     4 ||     9
       Potion            |       |     4 ||     4
 Stab: Distracted        |       |     1 ||     1
       Invisible         |       |     1 ||     1
       Sleeping          |       |     1 ||     1
Armor: Robe              |     2 |     8 ||    10
Dodge: Dodged            |    12 |    42 ||    54
       Rpst.: Long sword |       |     1 ||     1
